 Dungeon Crawl Stone Soup version 0.20.0-15-g7f486f2 (webtiles) character file.

408 vishdafish the Shield-Bearer (level 6, -1/39 HPs)
             Began as a Gargoyle Fighter on June 18, 2017.
             Killed from afar by a steam dragon (21 damage)
             ... with a ball of steam
             ... on level 4 of the Dungeon.
             The game lasted 00:07:11 (2985 turns).

vishdafish the Shield-Bearer (Gargoyle Fighter)     Turns: 2985, Time: 00:07:12

Health: -1/39      AC: 12    Str: 19    XL:     6   Next: 88%
Magic:  6/6        EV:  8    Int:  9    God:
Gold:   143        SH:  9    Dex: 11    Spells: 5/5 levels left

rFire    . . .     SeeInvis .   a - +0 flail
rCold    . . .     Gourm    .   c - +0 shield
rNeg     + . .     Faith    .   b - +0 scale mail
rPois    ∞         Spirit   .   (no helmet)
rElec    +         Reflect  .   (no cloak)
rCorr    .         Harm     .   k - +0 pair of gloves
MR       .....                  (no boots)
Stlth    ..........             (no amulet)
Regen    0.2/turn               (no ring)
MPRegen  0.1/turn               (no ring)

@: no status effects
A: negative energy resistance 1, electricity resistance, unbreathing,
petrification resistance, rot immunity, AC +4
a: no special abilities


You were on level 4 of the Dungeon.
You were not hungry.

You visited 1 branch of the dungeon, and saw 4 of its levels.

You collected 143 gold pieces.

Inventory:

Hand Weapons
 a - a +0 flail (weapon)
Armour
 b - a +0 scale mail (worn)
 c - a +0 shield (worn)
 k - a +0 pair of gloves (worn)
Scrolls
 e - a scroll of enchant armour {unknown}
 g - a scroll of immolation {unknown}
 h - a scroll of enchant weapon {unknown}
 l - a scroll of remove curse
 m - 2 scrolls of teleportation
 n - 5 scrolls of identify {unknown}
 t - a scroll of recharging {unknown}
 u - a scroll of amnesia {unknown}
Potions
 d - a potion of might
 f - a potion of invisibility {unknown}
 j - a potion of lignification {unknown}
 o - a potion of agility {unknown}
 q - a potion of berserk rage {unknown}
 r - 2 potions of curing
Books
 s - a book of Transfigurations

   Spells                             Type                      Level
   a - Irradiate                      Conjuration/Transmutation    5
   b - Statue Form                    Transmutation/Earth          6
   c - Hydra Form                     Transmutation                6
   d - Dragon Form                    Transmutation                7
Comestibles
 i - a royal jelly
 p - 3 bread rations


   Skills:
 + Level 4.6 Fighting
 + Level 4.5 Maces & Flails
 + Level 4.3 Armour
 + Level 1.2 Dodging
 + Level 4.7 Shields


You had 5 spell levels left.
You didn't know any spells.

Dungeon Overview and Level Annotations

Branches:
Dungeon (4/15)             Temple (0/1) D:4

Altars:
Makhleb


Innate Abilities, Weirdness & Mutations

You are resistant to torment.
Your stone body is resilient. (AC +4)
You are immune to poison.
You resist negative energy. (rN+)
You are resistant to electric shocks. (rElec)
You can survive without breathing.
You are immune to petrification.
You are immune to rotting.


Message History

As you read the scroll labeled TINIAWOSCH, it crumbles to dust.
You feel blessed for a moment.
It was a scroll of remove curse.
You are engulfed in a cloud of scalding steam.
You block the steam dragon's attack.
The steam dragon claws you but does no damage.
As you read the scroll labeled ZAECIRH YBRA, it crumbles to dust.
You feel strangely unstable.
It was a scroll of teleportation.
You block the steam dragon's attack.
The steam dragon claws you but does no damage.
The steam dragon breathes steam at you. The ball of steam misses you.
Your surroundings suddenly seem different.
Found a robe.
You start resting.
The steam dragon hisses angrily.
Found 2 coppery potions.
The steam dragon breathes steam at you. The ball of steam hits you!
Ouch! That really hurt!
You die...

#.# ###.# ..#.#
#.#.# # #.#.# ..#
#.#####.#.# ###
#.....#.#.#####!# .#
#.###..D..§§@...#
...[........#.######
###.#####....#
#.#### #.# #.# ..#
###


There were no monsters in sight!

Vanquished Creatures
  Menkaure (D:4)
  A hound (D:4)
  An orc priest (D:3)
  An orc wizard (D:4)
  A centaur skeleton (D:4)
  A worker ant (D:4)
  A gnoll (D:1)
  4 adders
  2 oozes
  3 worms
  3 dart slugs
  5 orcs (D:3)
  8 bats
  2 giant cockroaches
  10 goblins
  7 hobgoblins
  11 jackals (D:1)
  2 ball pythons
  8 frilled lizards
  6 kobolds
  4 rats (D:1)
82 creatures vanquished.

Notes
Turn   | Place    | Note
-------+----------+-------------------------------------------
     0 | D:1      | vishdafish the Gargoyle Fighter began the quest for the Orb.
     0 | D:1      | Reached XP level 1. HP: 14/14 MP: 1/1
    94 | D:1      | Reached XP level 2. HP: 19/19 MP: 2/2
   286 | D:1      | Reached XP level 3. HP: 24/24 MP: 3/3
   923 | D:2      | Reached XP level 4. HP: 27/29 MP: 4/4
  1794 | D:3      | Reached XP level 5. HP: 32/33 MP: 5/5
  2446 | D:4      | Reached skill level 1 in Dodging
  2446 | D:4      | Reached XP level 6. HP: 34/39 MP: 6/6
  2527 | D:4      | Found a staircase to the Ecumenical Temple.
  2537 | D:4      | Noticed Menkaure
  2546 | D:4      | Killed Menkaure
  2816 | D:4      | Found a burning altar of Makhleb.
  2946 | D:4      | Noticed a steam dragon
  2947 | D:4      | Noticed an orc warrior
  2985 | D:4      | Killed from afar by a steam dragon

Skill      XL: |  1  2  3  4  5  6 |
---------------+-------------------+-----
Fighting       | 4 |  4.6
Shields        | 4 |  4.7
Maces & Flails | 3 4 |  4.5
Armour         | 4 |  4.3
Dodging        | 1 |  1.2

Action                   |  1- 3 |  4- 6 || total
-------------------------+-------+-------++-------
Melee: Flail             |   109 |   190 ||   299
  Use: Scroll            |       |     2 ||     2
       Potion            |       |     1 ||     1
  Eat: Bread ration      |       |     2 ||     2
Armor: Scale mail        |    65 |    85 ||   150
Dodge: Dodged            |    34 |    57 ||    91
Block: Shield            |    62 |    86 ||   148
